 Dungeon Crawl Stone Soup version 0.18.1-48-g4cf74bf (webtiles) character file.

190 Ross the Firebug (level 5, -1/40 HPs)
             Began as a Draconian Fire Elementalist on Aug 26, 2016.
             Was an Initiate of Vehumet.
             Succumbed to a worker ant's poison
             ... on level 4 of the Dungeon on Aug 30, 2016.
             The game lasted 00:33:42 (4411 turns).

Ross the Firebug (Draconian Fire Elementalist)      Turns: 4411, Time: 00:33:43

Health: -1/40      AC:  6    Str: 11    XL:     5   Next: 41%
Magic:  1/9        EV: 12    Int: 16    God:    Vehumet [......]
Gold:   24         SH:  0    Dex: 11    Spells: 3 memorised, 3 levels left

rFire  . . .     SeeInvis .     n - +0 quarterstaff
rCold  . . .     Gourm    .     (armour unavailable)
rNeg   . . .     Faith    .     (shield currently unavailable)
rPois  .         Spirit   .     (helmet restricted)
rElec  .         Dismiss  .     (no cloak)
rCorr  .         Reflect  .     q - +0 pair of gloves
SustAt .         Harm     .     (no boots)
MR     .....                    (no amulet)
Stlth  ++........               (no ring)
                                (no ring)

@: lethally poisoned (-1 -> -14), flying, not resistant to hostile enchantments,
unstealthy
A: unfitting armour, cold-blooded, AC +5
a: Renounce Religion


You were on level 4 of the Dungeon.
You worshipped Vehumet.
Vehumet was noncommittal.
You were hungry.

You visited 1 branch of the dungeon, and saw 4 of its levels.

You collected 147 gold pieces.
You spent 123 gold pieces at shops.

Inventory:

Hand Weapons
 e - a +0 short sword
 n - a +0 quarterstaff (weapon)
Missiles
 k - 6 needles of confusion
Armour
 q - a +0 pair of gloves (worn)
Scrolls
 d - a scroll of fear {unknown}
 f - a scroll of fog
 g - a scroll of recharging {unknown}
 h - 2 scrolls of random uselessness {unknown}
 i - 5 scrolls of identify
 j - a scroll of immolation {unknown}
 l - 2 scrolls of teleportation
 m - a scroll of blinking {unknown}
 o - 2 scrolls of remove curse {unknown}
 p - a scroll of magic mapping
Potions
 r - a potion of flight
Books
 a - a book of Flames

   Spells                             Type                      Level
   a - Flame Tongue                   Conjuration/Fire             1
   b - Throw Flame                    Conjuration/Fire             2
   c - Conjure Flame                  Conjuration/Fire             3
   d - Inner Flame                    Hexes/Fire                   3
   e - Sticky Flame                   Conjuration/Fire             4
   f - Fireball                       Conjuration/Fire             5
Comestibles
 b - 3 bread rations


   Skills:
 + Level 1.0 Fighting
 - Level 1.1 Short Blades
 - Level 2.7 Dodging
 - Level 2.3 Stealth
 + Level 2.7 Spellcasting
 + Level 2.0 Conjurations
 + Level 4.0 Fire Magic


You had 3 spell levels left.
You knew the following spells:

 Your Spells              Type           Power        Failure   Level  Hunger
a - Flame Tongue          Conj/Fire      ##...        8%          1    #......
b - Throw Flame           Conj/Fire      ##....       10%         2    ##.....
c - Conjure Flame         Conj/Fire      ##......     17%         3    ###....


Dungeon Overview and Level Annotations

Branches:
Dungeon (4/15)
 Temple: D:4-7

Altars:
Okawaru
Ru
Vehumet

Shops:
D:4 ?*


Innate Abilities, Weirdness & Mutations

Your plain brown scales are hard (AC +5).
Your body does not fit into most forms of armour.
You are cold-blooded and may be slowed by cold attacks.


Message History

Confirm with . or Enter, or press ? or * to list all spells.
Aiming: Flame Tongue
Press: ? - help, Shift-Dir - straight line, f/p - worker ant
Aim: a worker ant (severely wounded)
The flame tongue hits the worker ant.
The worker ant is severely wounded.
You feel sick. The worker ant bites you!
* * * LOW HITPOINT WARNING * * *
You are lethally poisoned!
The worker ant poisons you! The worker ant bites you.
* * * LOW HITPOINT WARNING * * *
r - 2 ruby potions
* * * LOW HITPOINT WARNING * * *
You feel sick. The worker ant bites you.
* * * LOW HITPOINT WARNING * * *
Drink which item? (? for menu, Esc to quit)
It was a potion of flight.
You feel very buoyant.
You fly up into the air.
You die...

#.##.###..##### #......
...#.....###.# ###.#####
........∩...#.#####...#
....##..###...........###
.... #.# ###.....#.#...###
....##. ##..#.#.###....
.......## ##.....# ##...
........##### ###...####...
##....#.ha@.####...........
..h##...###..........###...
. ###..#####.........#.#.
##>.........####.....
#.....###.....# ###.#.
#.#######..#..####..... #
.........##...##.#
.............####>#
##..#####.#..#.....


You could see a hound and a worker ant.

Vanquished Creatures
  An iguana (D:4)
  Natasha (thrice) (D:3)
  2 adders (D:2)
  2 worms (D:2)
  2 dart slugs
  A giant gecko (D:3)
  3 orcs (D:3)
  4 giant cockroaches
  7 goblins
  7 hobgoblins
  7 kobolds
  2 quokkas
  6 bats
  4 giant newts
  8 rats
59 creatures vanquished.

Notes
Turn   | Place    | Note
--------------------------------------------------------------
     0 | D:1      | Ross the Draconian Fire Elementalist began the quest for the Orb.
     0 | D:1      | Reached XP level 1. HP: 14/14 MP: 3/3
   853 | D:1      | Reached XP level 2. HP: 18/20 MP: 3/5
   889 | D:1      | Learned a level 2 spell: Throw Flame
  1519 | D:2      | Reached XP level 3. HP: 17/26 MP: 0/6
  1776 | D:2      | Learned a level 3 spell: Conjure Flame
  2712 | D:3      | Reached XP level 4. HP: 33/33 MP: 7/7
  2733 | D:3      | Found an iron altar of Okawaru.
  2892 | D:3      | Noticed Natasha
  2910 | D:3      | Killed Natasha
  2910 | D:3      | Reached skill level 4 in Fire Magic
  3172 | D:3      | Found a radiant altar of Vehumet.
  3179 | D:3      | Became a worshipper of Vehumet
  3376 | D:3      | Found a sacrificial altar of Ru.
  3485 | D:3      | Noticed Natasha
  3500 | D:3      | Killed Natasha
  3837 | D:3      | Noticed Natasha
  3841 | D:3      | Killed Natasha
  3841 | D:3      | Reached skill level 1 in Short Blades
  3841 | D:3      | Reached XP level 5. HP: 37/39 MP: 0/8
  4192 | D:4      | Found Ocabu's Magic Scroll Boutique.
  4205 | D:4      | Bought a scroll of magic mapping for 45 gold pieces
  4205 | D:4      | Bought a scroll of identify for 26 gold pieces
  4205 | D:4      | Bought a scroll of identify for 26 gold pieces
  4205 | D:4      | Bought a scroll of identify for 26 gold pieces
  4270 | D:4      | Found Afagas's General Store.
  4287 | D:4      | Reached skill level 1 in Fighting
  4410 | D:4      | HP: 1/40 [worker ant (6)]
  4411 | D:4      | Succumbed to a worker ant's poison

Skill      XL: |  1  2  3  4  5 |
---------------+----------------+-----
Dodging        | 2 |  2.7
Stealth        | 2 |  2.3
Fire Magic     | 4 |  4.0
Short Blades   | 1 |  1.1
Fighting       | 1 |  1.0
Conjurations   | 2 |  2.0
Spellcasting   | |  2.7

Action                   |  1- 3 |  4- 6 || total
-------------------------+-------+-------++-------
Melee: Unarmed           |     7 |       ||     7
       Tailslap          |     7 |     3 ||    10
       Short sword       |    64 |    16 ||    80
       Dagger            |     2 |       ||     2
       Quarterstaff      |       |    25 ||    25
 Cast: Flame Tongue      |    29 |    10 ||    39
       Throw Flame       |    11 |    23 ||    34
  Use: Scroll            |     3 |     1 ||     4
       Potion            |       |     2 ||     2
 Stab: Sleeping          |     3 |     2 ||     5
  Eat: Chunk             |     2 |     1 ||     3
       Meat ration       |     1 |     1 ||     2
Armor: Skin              |    32 |    12 ||    44
Dodge: Dodged            |    59 |    29 ||    88
